 Dungeon Crawl Stone Soup version 0.29.1-12-g30fa7ad0bf (webtiles) character file.

Game seed: 12478628136525287201

446 booth the Cutter (level 6, -6/48 HPs)
             Began as a Draconian Transmuter on Jan 10, 2023.
             Was a Plaything of Xom.
             Mangled by a hornet zombie (10 damage)
             ... in an ossuary.
             The game lasted 00:20:22 (3537 turns).

booth the Cutter (Draconian Transmuter)             Turns: 3537, Time: 00:20:22

Health: -6/48      AC:  6    Str: 13      XL:     6   Next: 73%
Magic:  11/11      EV: 12    Int: 15      God:    Xom [*.....]
Gold:   218        SH:  0    Dex: 10 (11) Spells: 5/11 levels left

rFire   . . .      SeeInvis .   c - +1 short sword (venom)
rCold   . . .      Faith    .   (no shield)
rNeg    . . .      Spirit   .   (body armour unavailable)
rPois   .          Reflect  .   (helmet currently unavailable)
rElec   .          Harm     .   (no cloak)
rCorr   .          Rampage  .   (no gloves)
Will    .....                   (boots currently unavailable)
Stlth   +.........              (no amulet)
HPRegen 0.16/turn               (no ring)
MPRegen 0.12/turn               (no ring)

@: about to teleport, appendages (expiring)
A: horns 2, talons 2, AC +6, unfitting armour, cold-blooded
a: End Transformation, Renounce Religion


You were in an ossuary.
You worshipped Xom.
You were a special plaything of Xom.
You had temporarily grown beastly horns and talons.
You visited 1 branch of the dungeon, and saw 4 of its levels.
You also visited: Ossuary.

You collected 218 gold pieces.

Inventory:

Hand Weapons
 c - a +1 short sword of venom (weapon)
 d - a +1 vorpal spear
 j - a +0 mace
 q - a +2 whip of draining
Missiles
 b - 21 poisoned darts
 g - 6 boomerangs
Armour
 t - a +0 pair of boots
Jewellery
 f - a ring of fire
 u - a ring of resist corrosion
Scrolls
 k - a scroll of enchant armour {unknown}
 o - a scroll of noise {unknown}
 p - a scroll of identify {unknown}
 r - 2 scrolls of fear {unknown}
Potions
 a - 2 potions of lignification
 e - 2 potions of heal wounds {unknown}
 h - a potion of degeneration {unknown}
 i - 3 potions of attraction {unknown}
 m - a potion of invisibility {unknown}
 n - a potion of berserk rage {unknown}
 s - a potion of ambrosia {unknown}


   Skills:
 + Level 2.1 Fighting
 * Level 4.1 Short Blades
 + Level 2.8 Dodging
 + Level 1.0 Stealth
 - Level 3.6 Unarmed Combat
 + Level 3.3 Spellcasting
 + Level 2.9 Transmutations


You had 5 spell levels left.
You knew the following spells:

 Your Spells              Type           Power      Damage    Failure   Level
a - Beastly Appendage     Tmut           22%        N/A       6%          1
b - Wereblood             Tmut           11%        N/A       9%          2
c - Spider Form           Tmut/Pois      6%         N/A       32%         3

Your spell library contained the following spells:

 Spells                   Type           Power      Damage    Failure   Level
 Ice Form                 Ice/Tmut       6%         N/A       71%         4


Dungeon Overview and Level Annotations

Branches:
Dungeon (4/15)            Ossuary (1/1)
 Temple: D:4-7

Altars:
Xom


Innate Abilities, Weirdness & Mutations

You have temporarily grown beastly horns and talons.
Your plain brown scales are hard. (AC +6)
You cannot fit into any form of body armour.
You are cold-blooded and may be slowed by cold attacks.


Message History

The hornet zombie hits you.
You hit the hornet zombie. Your kick misses the hornet zombie.
You headbutt the hornet zombie.
Your tail-slap misses the hornet zombie.
The hornet zombie is heavily damaged.
The hornet zombie hits you but does no damage.
You hit the hornet zombie but do no damage.
You claw the hornet zombie.
The hornet zombie is severely damaged.
The hornet zombie misses you. The hornet zombie closely misses you.
You hit the hornet zombie but do no damage.
Your kick misses the hornet zombie.
The hornet zombie is severely damaged.
The hornet zombie closely misses you.
You hit the hornet zombie but do no damage.
You claw the hornet zombie, but do no damage.
The hornet zombie is severely damaged.
A killer bee zombie comes into view.
The hornet zombie hits you but does no damage.
The killer bee zombie moves out of view.
You hit the hornet zombie. Your headbutt misses the hornet zombie.
The hornet zombie is severely damaged.
The hornet zombie barely misses you.
You hit the hornet zombie. Your kick misses the hornet zombie.
You tail-slap the hornet zombie.
The hornet zombie is severely damaged.
The hornet zombie hits you.
You hit the hornet zombie. You headbutt the hornet zombie.
You tail-slap the hornet zombie.
The hornet zombie is almost destroyed.
Your transformation is almost over.
The hornet zombie hits you!
* * * LOW HITPOINT WARNING * * *
The hornet zombie hits you.
* * * LOW HITPOINT WARNING * * *
As you read the scroll of teleportation, it crumbles to dust.
You feel strangely unstable. The killer bee zombie hits you.
* * * LOW HITPOINT WARNING * * *
The hornet zombie hits you!
You die...

### #.#
'#+#'#+#'#+###
........Z@.'.#
+##'##+##Z###
#...#.'.
#.∩.#.###
#∩..#.+
#####.# .+ .#


You could see a killer bee zombie and a hornet zombie.

Vanquished Creatures
  An ogre (D:4)
  A phantom (D:4)
  A wyvern zombie (Ossuary)
  A gnoll bouda (D:4)
  4 mummies (Ossuary)
  5 gnolls (D:4)
  3 worms
  2 dart slugs
  An orc (D:3)
  5 endoplasms (D:1)
  2 giant cockroaches
  9 goblins
  5 hobgoblins
  3 jackals
  7 quokkas
  10 ball pythons
  4 bats
  4 frilled lizards
  10 kobolds
  10 rats
88 creatures vanquished.

Vanquished Creatures (others)
  7 withered plants (Ossuary)
7 creatures vanquished.

Grand Total: 95 creatures vanquished

Notes
Turn   | Place    | Note
-------+----------+-------------------------------------------
     0 | D:1      | booth the Draconian Transmuter began the quest for the Orb.
     0 | D:1      | Reached XP level 1. HP: 16/16 MP: 3/3
   120 | D:1      | Reached XP level 2. HP: 17/23 MP: 5/5
   432 | D:1      | Learned a level 2 spell: Wereblood
   873 | D:1      | Reached XP level 3. HP: 26/28 MP: 4/6
  1462 | D:2      | Found a faded altar of an unknown god.
  1501 | D:2      | Prayed at the altar of an unknown god.
  1501 | D:2      | Became a worshipper of Xom of Chaos
  1705 | D:2      | Reached skill level 1 in Short Blades
  1914 | D:3      | XOM: silly message
  2394 | D:3      | XOM: divination: magic mapping
  2427 | D:3      | Reached XP level 4. HP: 35/35 MP: 5/8
  2432 | D:3      | Learned a level 3 spell: Spider Form
  2539 | D:3      | XOM: torment (19/35 hp)
  2594 | D:3      | XOM: 1-stop teleportation journey
  2884 | D:4      | XOM: chaos upgrade
  2902 | D:4      | Reached skill level 2 in Short Blades
  2907 | D:4      | Noticed an ogre
  2912 | D:4      | Reached XP level 5. HP: 17/40 MP: 6/9
  2927 | D:3      | XOM: silly message
  3111 | D:4      | Killed an ogre
  3112 | D:4      | Reached skill level 3 in Short Blades
  3178 | D:4      | Noticed a phantom
  3188 | D:4      | Killed a phantom
  3189 | D:4      | Reached XP level 6. HP: 47/48 MP: 8/10
  3407 | D:4      | Found a sand-covered staircase.
  3412 | Ossuary  | Entered an ossuary
  3461 | Ossuary  | Reached skill level 4 in Short Blades
  3461 | Ossuary  | Reached skill level 1 in Stealth
  3521 | Ossuary  | XOM: 1-stop teleportation journey
  3526 | Ossuary  | XOM: stat loss: -1 Dex (10/11)
  3537 | Ossuary  | Mangled by a hornet zombie

Illustrated notes

Levels and vault maps discovered:
D:1:      minmay_arrival_up_and_down, layout_basic
D:2:      layout_rooms, ebering_ecumenical_altar_petrified
D:3:      layout_loops_ring, kennysheep_generic_room_13
D:4:      layout_basic, enter_ossuary_2, minmay_bent, uniq_menkaure,
          uniq_crazy_yiuf_cottage
Ossuary:  ossuary_zaba_flooded

Skill      XL: |  1  2  3  4  5  6 |
---------------+-------------------+-----
Dodging        | 2 |  2.8
Short Blades   | 1 2 3 4 |  4.1
Spellcasting   | 3 |  3.3
Fighting       | 2 |  2.1
Stealth        | 1 |  1.0
Unarmed Combat | |  3.6
Transmutations | |  2.9

Action                   |  1- 3 |  4- 6 || total
-------------------------+-------+-------++-------
Melee: Unarmed           |    52 |       ||    52
       Headbutt          |     7 |    20 ||    27
       Kick              |    13 |    37 ||    50
       Tailslap          |    13 |    19 ||    32
       Short sword       |    75 |   101 ||   176
       Punch             |     3 |     3 ||     6
Throw: Dart              |     1 |       ||     1
 Cast: Beastly Appendage |    24 |     8 ||    32
       Wereblood         |     1 |     2 ||     3
  Use: Scroll            |     3 |     1 ||     4
 Stab: Sleeping          |       |     1 ||     1
Armor: Skin              |    52 |    11 ||    63
Dodge: Dodged            |    91 |    46 ||   137
